 Dungeon Crawl Stone Soup version 0.30.1-5-ged363bc7ee (webtiles) character file.

Game seed: 13235324815313340831

14753 monsoonserge the Dealer of Despair (level 11, -8/90 HPs)
             Began as a Demonspawn Monk on Sept 19, 2023.
             Was an Elder of Kikubaaqudgha.
             Killed from afar by Jorgrun (24 damage)
             ... with a blast of rock fragments
             ... on level 12 of the Dungeon.
             The game lasted 00:47:23 (12062 turns).

monsoonserge the Dealer of Despair (DsMo)          Turns: 12062, Time: 00:47:24

Health: -8/90      AC:  8    Str: 11    XL:     11   Next: 92%
Magic:  12/15      EV: 18    Int: 14    God:    Kikubaaqudgha [****..]
Gold:   1730       SH:  5    Dex: 29    Spells: 7/16 levels left

rFire   . . .        a - +2 dagger (venom)
rCold   + . .        d - orb {light}
rNeg    . . .        B - +1 leather armour {rC+}
rPois   .            (helmet restricted)
rElec   .            U - +0 cloak
rCorr   .            x - +0 pair of gloves
SInv    .            m - +2 pair of boots {Fly}
Will    .....        q - amulet of reflection
Stlth   ++           C - +6 ring of dexterity
HPRegen 0.35/turn    p - ring of the Death Scarab {Fly Dex+5}
MPRegen 0.14/turn

%: reflection
@: about to teleport, corroded, flying, glowing
A: horns 2, rugged brown scales 2, ignite blood 1, demonic magic 2
a: Renounce Religion, Unearth Wretches


You were on level 12 of the Dungeon.
You worshipped Kikubaaqudgha.
Kikubaaqudgha was greatly pleased with you.
You visited 2 branches of the dungeon, and saw 13 of its levels.
You also visited: Ossuary and Bailey.

You collected 1840 gold pieces.
You spent 110 gold pieces at shops.

Inventory:

Hand Weapons
 a - a +2 dagger of venom (weapon)
 b - a +5 falchion
 u - a +0 shortbow
 z - a +4 dagger
Missiles
 j - 28 boomerangs (quivered)
 k - 5 datura-tipped darts
 r - 3 atropa-tipped darts
 A - a curare-tipped dart
 M - 17 poisoned darts
 T - 11 javelins
Armour
 d - an orb of light (worn)
 m - a +2 pair of boots of flying (worn)
 x - a +0 pair of gloves (worn)
 B - a +1 leather armour of cold resistance (worn)
 U - a +0 cloak (worn)
Jewellery
 p - the ring of the Death Scarab (right hand) {Fly Dex+5}
   (You found it on level 10 of the Dungeon)

   [ring of flight]

   Dex:       It affects your dexterity (+5).
   Fly:       It grants you flight.
 q - an amulet of reflection (around neck)
 C - a +6 ring of dexterity (left hand)
 G - a ring of poison resistance
 K - a +4 ring of protection
 N - a +5 ring of evasion
Wands
 h - a wand of flame (5)
 v - a wand of polymorph (20)
Scrolls
 g - 3 scrolls of teleportation
 i - 3 scrolls of immolation
 l - a scroll of acquirement {unknown}
 t - 5 scrolls of poison
 w - 4 scrolls of magic mapping
 y - 2 scrolls of brand weapon {unknown}
 E - 4 scrolls of amnesia
 F - 3 scrolls of enchant weapon {unknown}
 H - 7 scrolls of vulnerability {unknown}
 I - 3 scrolls of fear {unknown}
 O - 2 scrolls of torment {unknown}
 W - a scroll of enchant armour {unknown}
 X - 2 scrolls of fog {unknown}
 Y - a scroll of summoning {unknown}
 Z - a scroll of noise {unknown}
Potions
 c - 2 potions of ambrosia
 e - a potion of cancellation {unknown}
 f - 2 potions of haste
 n - 2 potions of lignification {unknown}
 o - 4 potions of might
 s - 6 potions of heal wounds
 J - 7 potions of flight
 L - a potion of berserk rage
 P - 6 potions of curing {unknown}
 Q - a potion of attraction {unknown}
 R - a potion of magic {unknown}
 S - 3 potions of brilliance
 V - a potion of mutation {unknown}
Miscellaneous
 D - a box of beasts (inert)


   Skills:
 + Level 7.9 Fighting
 + Level 6.5(7.1) Short Blades
 - Level 4.1(5.9) Long Blades
 + Level 2.7 Throwing
 + Level 6.7 Armour
 + Level 6.8 Dodging
 + Level 7.0 Stealth
 - Level 2.3 Shields
 + Level 1.7 Unarmed Combat
 - Level 3.0 Spellcasting
 * Level 9.4 Necromancy


You had 7 spell levels left.
You knew the following spells:

 Your Spells              Type           Power      Damage    Failure   Level
a - Necrotise             Necr           100%       1d9       1%          1
b - Animate Dead          Necr           28%        N/A       5%          4
c - Dispel Undead         Necr           28%        3d13      5%          4

Your spell library contained the following spells:

 Spells                   Type           Power      Damage    Failure   Level
 Kiss of Death            Conj/Necr      60%        2d10      4%          1
 Cigotuvi's Dreadful Rot  Necr/Pois/Air  20%        N/A       12%         2
 Summon Small Mammal      Summ           8%         N/A       26%         1
 Anguish                  Hex/Necr       7%         N/A       36%         4
 Ensorcelled Hibernation  Hex/Ice        4%         N/A       38%         2
 Call Canine Familiar     Summ           2%         N/A       63%         3
 Ignite Poison            Fire/Tmut/Pois 2%         N/A       63%         3
 Spider Form              Tmut/Pois      2%         N/A       63%         3
 Stone Arrow              Conj/Erth      4%         3d7       63%         3
 Summon Guardian Golem    Hex/Summ       2%         N/A       63%         3
 Borgnjor's Vile Clutch   Necr/Erth      7%         N/A       73%         5
 Animate Armour           Summ/Erth      4%         N/A       95%         4
 Sticky Flame             Conj/Fire      2%         2d3       95%         4
 Simulacrum               Ice/Necr       7%         N/A       99%         6
 Malign Gateway           Summ/Tloc      1%         N/A       100%        7
 Ignition                 Fire           1%         3d3       100%        8
 Lehudib's Crystal Spear  Conj/Erth      1%         10d2      100%        8
 Summon Horrible Things   Summ           1%         N/A       100%        8


Dungeon Overview and Level Annotations

Branches:
Dungeon (12/15)            Temple (1/1) D:7            Lair (0/5) D:10
Ossuary (visited)          Bailey (visited)
    Orc: D:9-12

Altars:
Ashenzari
Cheibriados
Dithmenos
Fedhas
Gozag
Hepliaklqana
Kikubaaqudgha
Makhleb
Nemelex Xobeh
Okawaru
Qazlal
Ru
Sif Muna
Trog
Uskayaw
Vehumet
Wu Jian
Xom
Yredelemnul

Shops:
D:4 :   D:5 (   D:7 [

Annotations:
D:12 Jorgrun


Innate Abilities, Weirdness & Mutations

You have a pair of horns on your head.
You are mostly covered in rugged brown scales. (AC +2, +5% HP)
Your demonic aura sometimes causes spilled blood to erupt in flames.
Spells you cast may paralyse nearby enemies.


Message History

Press: ? - help, Shift-Dir - straight line, f/p - acid dragon
Aim: an acid dragon (almost dead, haloed, chance to affect: 83%)
The acid dragon writhes in agony.
You kill the acid dragon!
Kikubaaqudgha accepts your kill. Malevolent energies surge around you.
The dead are flying!
The grasping roots constrict you!!
* * * LOW HITPOINT WARNING * * *
Okay, then.
Aiming: Polymorph
Press: ? - help, Shift-Dir - straight line, f - Jorgrun
Aim: Jorgrun, wielding a +0 heavy quarterstaff and wearing a +0 robe (ally target, will become an azure jelly, a boulder beetle, or a stone giant, chance to affect: 0%)
Okay, then.
Unknown command.
You open the lid... ...and a larval batshock beast flies out!
The box is emptied!
Jorgrun casts a spell at your acid dragon skeleton.
Your acid dragon skeleton shatters!!
The grasping roots constrict you!
* * * LOW HITPOINT WARNING * * *
You hear a shout! x2; You hear an angry buzzing noise.
You escape the roots grasp.
Found 19 gold pieces.
A gnoll comes into view. It is wielding a +0 spear.
Your larval batshock beast completely misses Jorgrun.
A gnoll sergeant and a gnoll come into view.
The gnoll sergeant is wielding a +4 spear of flaming.
Found 2 stones.
Your larval batshock beast hits Jorgrun but does no damage.
Your larval batshock beast hits Jorgrun but does no damage.
Your acid dragon skeleton misses Jorgrun.
Your acid dragon skeleton claws Jorgrun.
Okay, then.
As you read the scroll of teleportation, it crumbles to dust.
You feel strangely unstable.
A gnoll comes into view. It is wielding a +0 whip.
Your larval batshock beast closely misses Jorgrun.
Jorgrun casts a spell next to you.
The wall shatters!
The blast of rock fragments hits you!!
You die...
Kikubaaqudgha rasps: "You have failed me!
Welcome... death!"

#........#
#...g$...#
####...g....#
...!..g..}..#
..........g.#
............#
............#
............#
..[........@#
......Z<....#
......Hg....#
............#
......#####.#
...... #.#
...... #.#
:.... #.#
.....


You could see Jorgrun (ally target), a gnoll sergeant, 3 gnolls, a friendly
larval batshock beast (summoned) and a friendly acid dragon skeleton.

Vanquished Creatures
  A two-headed ogre (D:9)
  4 skeletal warriors
  A cyclops (D:11)
  A kobold demonologist (D:10)
  A troll (D:9)
  2 hornets (D:10)
  Sigmund (D:2)
  19 yaks
  2 wraiths
  A vampire (D:9)
  Eustachio (D:4)
  6 wyverns
  2 steam dragons (D:6)
  2 acid dragons
  6 water moccasins
  6 orc warriors
  2 ice beasts (D:5)
  3 sky beasts
  2 black bears (D:4)
  2 ogres
  4 centaurs
  2 phantoms
  2 kobold brigands
  An elf zombie (Ossuary)
  2 bullfrogs (D:8)
  3 necrophages (D:7)
  A wyvern zombie (D:7)
  2 scorpions
  18 wights
  11 killer bees
  4 howler monkeys
  2 bullfrog zombies (D:7)
  A centaur zombie (D:7)
  3 jellies
  5 hounds
  Crazy Yiuf (D:7)
  2 human zombies
  3 orc priests
  A gnoll bouda (D:8)
  2 sleepcaps
  3 iguanas
  Jessica (D:2)
  7 orc wizards
  A killer bee zombie (D:7)
  A human simulacrum (D:11)
  2 hound zombies (Ossuary)
  7 mummies
  11 gnolls
  5 adders
  A shadow imp (D:6)
  2 ufetubi
  A worm (D:2)
  2 dart slugs (D:1)
  24 orcs
  5 endoplasms
  5 giant cockroaches
  10 goblins
  11 hobgoblins
  2 jackals (D:3)
  4 quokkas
  10 ball pythons
  8 bats
  7 frilled lizards
  A goblin zombie (Ossuary)
  2 hobgoblin zombies (Ossuary)
  4 jackal zombies (Ossuary)
  21 kobolds
  A kobold zombie (D:6)
  An orc zombie (Ossuary)
  3 rats
  A rat zombie (D:6)
299 creatures vanquished.

Vanquished Creatures (others)
  A human simulacrum (D:11)
1 creature vanquished.

Grand Total: 300 creatures vanquished

Notes
Turn   | Place    | Note
-------+----------+-------------------------------------------
     0 | D:1      | monsoonserge the Demonspawn Monk began the quest for the
                  | Orb.
     0 | D:1      | Reached XP level 1. HP: 18/18 MP: 1/1
   127 | D:1      | Gained mutation: You are partially covered in rugged brown
                  | scales. (AC +1, +3% HP) [demonic ancestry]
   127 | D:1      | Reached XP level 2. HP: 13/24 MP: 2/2
   405 | D:1      | Reached XP level 3. HP: 27/29 MP: 3/3
   631 | D:2      | Noticed Sigmund
   791 | D:3      | Found a blossoming altar of Fedhas.
  1144 | D:3      | Found a radiant altar of Vehumet.
  1145 | D:3      | Found a shadowy altar of Dithmenos.
  1305 | D:4      | Noticed a black bear
  1405 | D:4      | Reached XP level 4. HP: 35/36 MP: 4/4
  1438 | D:4      | Noticed Eustachio
  1526 | D:4      | Killed a black bear
  1527 | D:4      | Reached skill level 1 in Armour
  1527 | D:4      | Gained mutation: Spells you cast may paralyse adjacent
                  | enemies. [demonic ancestry]
  1527 | D:4      | Reached XP level 5. HP: 43/43 MP: 5/5
  1586 | D:4      | Noticed a centaur
  1587 | D:4      | Noticed a black bear
  1594 | D:4      | Killed a centaur
  1595 | D:4      | Reached skill level 1 in Shields
  1600 | D:4      | Killed a black bear
  1601 | D:4      | Reached skill level 1 in Short Blades
  1601 | D:4      | Reached XP level 6. HP: 45/49 MP: 6/6
  1681 | D:4      | Killed Eustachio
  1723 | D:4      | Gained mutation: You have a pair of small horns on your
                  | head. [demonic ancestry]
  1723 | D:4      | Reached XP level 7. HP: 44/55 MP: 7/7
  1742 | D:4      | Found Arih's Book Shoppe.
  2247 | D:5      | Entered Level 5 of the Dungeon
  2350 | D:5      | Reached skill level 1 in Stealth
  2352 | D:5      | Reached skill level 1 in Throwing
  2352 | D:5      | Reached skill level 1 in Unarmed Combat
  2596 | D:5      | Gained mutation: You are mostly covered in rugged brown
                  | scales. (AC +2, +5% HP) [demonic ancestry]
  2596 | D:5      | Reached XP level 8. HP: 56/64 MP: 8/8
  2893 | D:2      | Killed Sigmund
  3100 | D:2      | Noticed Jessica
  3109 | D:2      | Killed Jessica
  3383 | D:2      | Reached skill level 5 in Fighting
  3819 | D:5      | Found an opulent altar of Gozag.
  3895 | D:5      | Found Doloutoc's Antique Weapon Boutique.
  4451 | D:6      | Found a bloodstained altar of Trog.
  4598 | D:6      | Found a sand-covered staircase.
  4621 | Ossuary  | Entered an ossuary
  4659 | Ossuary  | Gained mutation: Spells you cast may paralyse nearby
                  | enemies. [demonic ancestry]
  4659 | Ossuary  | Reached XP level 9. HP: 72/72 MP: 9/9
  4823 | D:6      | Reached skill level 5 in Armour
  5037 | D:6      | Reached skill level 5 in Dodging
  5418 | D:6      | Reached skill level 5 in Short Blades
  5574 | D:7      | Identified the +1 leather armour of Boredom {-Cast rPois
                  | Will+++ Stlth+}
  5602 | D:7      | Found a staircase to the Ecumenical Temple.
  5608 | Temple   | Entered the Ecumenical Temple
  5817 | D:7      | Found a flagged portal.
  5866 | Bailey   | Entered a bailey
  5913 | Bailey   | Identified the +12 hand axe "Ocuilum" {freeze, rF+++ rN+
                  | Will+ Str-4}
  6239 | D:7      | Found Cyarug's Antique Armour Shop.
  6338 | D:7      | Found a sparkling altar of Nemelex Xobeh.
  6566 | D:7      | Found an ancient bone altar of Kikubaaqudgha.
  6575 | D:7      | Became a worshipper of Kikubaaqudgha
  6575 | D:7      | Reached * piety under Kikubaaqudgha
  6575 | D:7      | Received a gift from Kikubaaqudgha
  6575 | D:7      | Reached ** piety under Kikubaaqudgha
  6615 | D:7      | Learned a level 1 spell: Necrotise
  6634 | D:7      | Gained mutation: You have a pair of horns on your head.
                  | [demonic ancestry]
  6634 | D:7      | Reached XP level 10. HP: 82/82 MP: 10/10
  6679 | D:7      | Reached skill level 1 in Necromancy
  6917 | D:7      | Found a runed translucent door.
  6918 | D:7      | Noticed Crazy Yiuf
  6925 | D:7      | Killed Crazy Yiuf
  7107 | D:8      | Reached skill level 1 in Spellcasting
  7360 | D:8      | Reached skill level 2 in Necromancy
  7481 | D:8      | Reached skill level 3 in Necromancy
  7578 | D:8      | Found an iron altar of Okawaru.
  7842 | D:9      | Noticed a two-headed ogre
  7862 | D:9      | Killed a two-headed ogre
  7863 | D:9      | Reached skill level 4 in Necromancy
  7871 | D:9      | Reached *** piety under Kikubaaqudgha
  7871 | D:9      | Received a gift from Kikubaaqudgha
  7949 | D:9      | Reached skill level 5 in Necromancy
  8111 | D:9      | Reached skill level 5 in Stealth
  8460 | D:9      | Gained mutation: Your demonic aura sometimes causes spilled
                  | blood to erupt in flames. [demonic ancestry]
  8460 | D:9      | Reached XP level 11. HP: 89/89 MP: 11/14
  8562 | D:9      | Reached skill level 6 in Necromancy
  8786 | D:9      | Found a snail-covered altar of Cheibriados.
  8890 | D:8      | Found a sacrificial altar of Ru.
  8957 | D:8      | Reached skill level 7 in Necromancy
  9006 | D:8      | Learned a level 4 spell: Animate Dead
  9150 | D:8      | Found a shimmering altar of Xom.
  9150 | D:8      | Found a shimmering altar of Xom.
  9150 | D:8      | Found a shimmering altar of Xom.
  9150 | D:8      | Found a shimmering altar of Xom.
  9151 | D:8      | Found a shimmering altar of Xom.
  9151 | D:8      | Found a shimmering altar of Xom.
  9152 | D:8      | Found a shimmering altar of Xom.
  9153 | D:8      | Found a shimmering altar of Xom.
  9437 | D:7      | Bought a glowing leather armour for 110 gold pieces
  9551 | D:10     | Entered Level 10 of the Dungeon
  9615 | D:10     | Noticed a skeletal warrior
  9615 | D:10     | Noticed a skeletal warrior
  9894 | D:9      | Killed a skeletal warrior
 10126 | D:9      | Learned a level 4 spell: Dispel Undead
 10285 | D:10     | Reached **** piety under Kikubaaqudgha
 10770 | D:10     | Reached skill level 8 in Necromancy
 10883 | D:10     | Found a staircase to the Lair.
 10931 | D:10     | Identified the ring of the Death Scarab {Fly Dex+5}
 10982 | D:10     | Found a basalt altar of Yredelemnul.
 10995 | D:10     | Noticed a skeletal warrior
 10997 | D:10     | Noticed a skeletal warrior
 11026 | D:10     | Killed a skeletal warrior
 11042 | D:10     | HP: 4/90 [skeletal warrior/+0 scimitar (9)]
 11051 | D:10     | Killed a skeletal warrior
 11294 | D:10     | Killed a skeletal warrior
 11295 | D:10     | Reached skill level 9 in Necromancy
 12047 | D:11     | Noticed a two-headed ogre
 12052 | D:12     | Noticed Jorgrun
 12062 | D:12     | Killed from afar by Jorgrun

Illustrated notes

Levels and vault maps discovered:
D:1:      minmay_arrival_radiant_lines, layout_basic
D:2:      minmay_razor_zed, layout_basic, uniq_jessica, uniq_sigmund
D:3:      layout_loops_ring, nicolae_overflow_hidden_temple
D:4:      layout_cave_pods, serial_shops, nicolae_shop_advertising_works
          [nicolae_subvault_shop_adworks], uniq_eustachio
D:5:      layout_basic, nicolae_overflow_crystal_walls, kennysheep_windowed_goal
D:6:      layout_basic, mainiacjoe_overflow_catwalk, enter_ossuary_3,
          minmay_puff
D:7:      layout_rooms, mainiacjoe_overflow_paths,
          lemuel_mausoleum_altar_kikubaaqudgha, minmay_temple_entry_hall,
          enter_bailey_5, serial_shops, nicolae_shop_peninsula,
          uniq_crazy_yiuf_cottage
D:8:      layout_basic, nicolae_tso_swordbearing_angel, xom_shifter_show,
          nicolae_ru_sacrificial_ziggurat, okawaru_metal_pillars_1_2
D:9:      layout_loops_ring, lemuel_round_altar
D:10:     minmay_polygon_palace, layout_layer_cave,
          mainiacjoe_overflow_alcove_4, minmay_lair_entry_grove, minivault_26
D:11:     layout_cave_pools, serial_shops, nicolae_shop_back_alley_shop,
          bh_circular_ruins
D:12:     layout_long_grid, david_orc_2, uniq_jorgrun
Temple:   hellmonk_temple_of_storms

Skill      XL: |  1  2  3  4  5  6  7  8  9 10 11 |
---------------+----------------------------------+-----
Long Blades    | 3 4 |  4.1
Dodging        | 3 4 5 6 |  6.8
Armour         | 1 2 3 4 6 |  6.7
Shields        | 1 2 |  2.3
Short Blades   | 1 2 3 4 5 6 |  6.5
Fighting       | 4 5 7 |  7.9
Stealth        | 1 2 5 7 |  7.0
Throwing       | 1 2 |  2.7
Unarmed Combat | 1 |  1.7
Necromancy     | 5 9 |  9.4
Spellcasting   | 2 3 |  3.0

Action                     |  1- 3 |  4- 6 |  7- 9 | 10-12 || total
---------------------------+-------+-------+-------+-------++-------
  Melee: Falchion          |   106 |    40 |   297 |    27 ||   470
         Unarmed           |       |     9 |       |       ||     9
         Headbutt          |       |       |    94 |    84 ||   178
         Hand axe          |       |       |    83 |    28 ||   111
         Dagger            |       |       |       |   281 ||   281
  Throw: Dart              |       |     5 |     3 |     4 ||    12
         Boomerang         |       |       |     8 |     5 ||    13
   Cast: Necrotise         |       |       |       |   123 ||   123
         Dispel Undead     |       |       |       |    11 ||    11
  Evoke: Box of beasts     |       |       |       |     1 ||     1
    Use: Potion            |       |     1 |     1 |     2 ||     4
         Scroll            |       |       |       |    11 ||    11
   Stab: Confused          |       |     1 |       |       ||     1
         Sleeping          |       |       |     1 |       ||     1
         Paralysed         |       |       |       |    71 ||    71
 Armour: Robe              |    12 |       |       |       ||    12
         Scale mail        |    31 |    34 |   110 |       ||   175
         Leather armour    |       |       |    24 |    71 ||    95
         Ring mail         |       |       |       |     6 ||     6
  Dodge: Dodged            |    78 |    40 |   217 |   238 ||   573
  Block: Orb               |     8 |    17 |    93 |    87 ||   205
         Other             |       |     3 |       |       ||     3
         Reflection        |       |       |     8 |     1 ||     9
